 Dungeon Crawl Stone Soup version 0.24-a0-619-gb7544fd237 (webtiles) character file.

Game seed: 5869704539534968478, levelgen mode: deterministic

32 Johnny the Digger (level 2, -1/30 HPs)
             Began as a Demigod Earth Elementalist on Sept 18, 2019.
             Killed from afar by Sigmund (2 damage)
             ... with a puff of flame
             ... on level 2 of the Dungeon.
             The game lasted 00:02:48 (1038 turns).

Johnny the Digger (Demigod Earth Elementalist)      Turns: 1038, Time: 00:02:48

Health: -1/30      AC: 21    Str: 16    XL:     2   Next: 96%
Magic:  7/7        EV:  2    Int: 19    God:
Gold:   66         SH:  0    Dex: 16    Spells: 4/5 levels left

rFire    . . .     SeeInvis .   (no weapon)
rCold    . . .     Gourm    .   (no shield)
rNeg     + + +     Faith    .   (armour currently unavailable)
rPois    +         Spirit   .   (helmet currently unavailable)
rElec    .         Reflect  .   (cloak currently unavailable)
rCorr    .         Harm     .   (gloves currently unavailable)
MR       .....     NoTele   +   (boots currently unavailable)
Stlth    ++........             (no amulet)
HPRegen  0.10/turn              g - +3 ring of evasion
MPRegen  0.10/turn              (no ring)

@: mighty, lethally poisoned (-1 -> -12), tree-form
A: high mp 1
a: no special abilities


You were on level 2 of the Dungeon.
You were not hungry.
You were a tree.
You visited 1 branch of the dungeon, and saw 2 of its levels.

You collected 66 gold pieces.

Inventory:

Hand Weapons
 r - a +0 spear
Missiles
 b - 6 stones (quivered)
Armour
 e - a +0 pair of boots (melded)
 j - a +2 robe of magic resistance (melded)
Jewellery
 g - a +3 ring of evasion (left branch)
Wands
 q - a wand of random effects (18)
Scrolls
 c - 2 scrolls of remove curse {unknown}
 f - 3 scrolls of identify {unknown}
 h - 2 scrolls of fog {unknown}
 i - 3 scrolls of teleportation {unknown}
 k - a scroll of magic mapping {unknown}
 n - a scroll of amnesia {unknown}
 o - a scroll of noise {unknown}
Potions
 l - a potion of might
 s - a potion of mutation {unknown}
Comestibles
 d - 3 rations


   Skills:
 - Level 1.7 Dodging
 - Level 1.7 Stealth
 + Level 2.2 Spellcasting
   Level 0.8 Transmutations
 * Level 3.5 Earth Magic


You had 4 spell levels left.
You knew the following spells:

 Your Spells              Type           Power        Failure   Level  Hunger
a - Sandblast             Erth           ###...       3%          1    #......

Your spell library contained the following spells:

 Spells                   Type           Power        Failure   Level  Hunger
 Passwall                 Tmut/Erth      ##......     10%         2    ##.....
 Stone Arrow              Conj/Erth      #.....       24%         3    ###....
 Petrify                  Tmut/Erth      ##......     54%         4    #####..
 Lee's Rapid Deconstruct  Erth           ###.......   71%         5    ######.


Dungeon Overview and Level Annotations

Branches:
Dungeon (2/15)

Annotations:
D:1 Terence
D:2 Sigmund


Innate Abilities, Weirdness & Mutations

You have an increased reservoir of magic. (+10% MP)


Message History

* * * LOW HITPOINT WARNING * * *
You are lethally poisoned!
It was a potion of might.
You feel very mighty all of a sudden.
* * * LOW HITPOINT WARNING * * *
You feel sick.
You hear some strange, mumbled words.
A puff of flame appears from out of thin air!
The puff of flame misses you.
It was a potion of lignification.
You turn into a tree.
Your +0 pair of boots melds into your body.
Your +2 robe of magic resistance melds into your body.
You feel less resistant to hostile enchantments.
Your roots penetrate the ground.
* * * LOW HITPOINT WARNING * * *
You feel sick.
You hear some strange, mumbled words.
A puff of flame appears from out of thin air!
The puff of flame hits you.
You die...

..# #.. ### #.# ..#.
#####.####### #.#..
#...........# #.#..
#.###.#####.# #[#..####.#
#.# ###.#
#.#....##.###.###...#
#.##...<<.♣.....#.#.### #
#÷####.##.###.#...#...#.###
#.####.##.##..#.#####......
#.................#..{..###
#..###.##.##...##.#.##### #
#..# #.##<##...##...#
#.##..###.##.##...###..#
#..........#....[......#
####........###...###.##


There were no monsters in sight!

Vanquished Creatures
  A dart slug (D:1)
  A leopard gecko (D:1)
  A giant cockroach (D:1)
  2 hobgoblins (D:1)
  3 jackals (D:2)
  2 kobolds
  3 bats
  3 frilled lizards
  9 goblins (D:1)
  3 rats (D:2)
28 creatures vanquished.

Vanquished Creatures (others)
  17 toadstools (D:2)
17 creatures vanquished.

Grand Total: 45 creatures vanquished

Notes
Turn   | Place    | Note
-------+----------+-------------------------------------------
     0 | D:1      | Johnny the Demigod Earth Elementalist began the quest for
                  | the Orb.
     0 | D:1      | Reached XP level 1. HP: 14/14 MP: 5/5
    99 | D:1      | Reached skill level 3 in Earth Magic
   183 | D:1      | Reached XP level 2. HP: 20/20 MP: 5/7
   571 | D:2      | Noticed Terence
   766 | D:2      | Noticed Sigmund
  1034 | D:2      | HP: 1/20 [something/magic dart (5)]
  1038 | D:2      | Killed from afar by Sigmund

Levels and vault maps discovered:
D:1:      dpeg_arrival_round_c, layout_rooms
D:2:      layout_loops_ring, tgw_fedhas, uniq_sigmund, uniq_terence

Skill      XL: |  1 |
---------------+----+-----
Earth Magic    | 3 |  3.5
Spellcasting   | 2 |  2.2
Dodging        | |  1.7
Stealth        | |  1.7
Transmutations | |  0.8

Action                   || total
-------------------------++-------
Melee: Unarmed           ||     1
 Cast: Sandblast         ||    40
Evoke: Wand              ||     4
  Use: Potion            ||     4
  Eat: Chunk             ||     1
Armor: Robe              ||     3
Dodge: Dodged            ||    18

Table legend:
 A = Non-vault XP
 B = Vault XP
 C = Vault XP percentage of total XP
 D = Non-vault monster count
 E = Vault monster count
 F = Vault count percentage of total count
                 A         B        C        D         E       F
            +---------+---------+-------+---------+---------+-------
      Total |      47 |       0 |   0.0 |      28 |       0 |   0.0
            +---------+---------+-------+---------+---------+-------
        D:1 |      34 |       0 |   0.0 |      18 |       0 |   0.0
        D:2 |      13 |       0 |   0.0 |      10 |       0 |   0.0
            +---------+---------+-------+---------+---------+-------
